 Dungeon Crawl Stone Soup version 0.30-a0-840-ga523dec638 (webtiles) character file.

Game seed: 14622891346480043252

566 Zenkrye the Poker (level 7, -4/52 HPs)
             Began as a Human Cinder Acolyte on Mar 1, 2023.
             Was a High Priest of Ignis.
             Splashed by a jelly's acid (10 damage)
             ... on level 5 of the Dungeon.
             The game lasted 00:11:38 (4168 turns).

Zenkrye the Poker (Human Cinder Acolyte)            Turns: 4168, Time: 00:11:38

Health: -4/52      AC:  3    Str: 16    XL:     7   Next: 59%
Magic:  4/8        EV:  8    Int: 14    God:    Ignis [*****.]
Gold:   135        SH:  3    Dex:  9    Spells: 6/8 levels left

rFire   + . .      SeeInvis .    a - -1 spear (flame)
rCold   . . .      Faith    .    m - +0 buckler
rNeg    . . .      Spirit   .    h - +3 scale mail
rPois   .          Reflect  .    c - +0 helmet
rElec   .          Harm     .    j - +2 cloak
rCorr   .          Rampage  .    l - +0 pair of gloves
Will    .....                    (no boots) Stlth
                                 (no amulet)
HPRegen 0.28/turn                (no ring)
MPRegen 0.11/turn                (no ring)

@: corroded, very slightly contaminated, studying Armour
A: no striking features
a: Renounce Religion, Fiery Armour, Foxfire Swarm, Rising Flame


You were on level 5 of the Dungeon.
You worshipped Ignis.
Ignis was extremely pleased with you.
You visited 1 branch of the dungeon, and saw 5 of its levels.

You collected 184 gold pieces.
You spent 49 gold pieces at shops.

Inventory:

Hand Weapons
 a - a -1 spear of flaming (weapon)
 f - a +0 spear
 g - a +0 trident
Armour
 c - a +0 helmet (worn)
 h - a +3 scale mail (worn)
 j - a +2 cloak (worn)
 l - a +0 pair of gloves (worn)
 m - a +0 buckler (worn)
Wands
 n - a wand of flame (24)
Scrolls
 d - a scroll of noise {unknown}
 e - a scroll of fear {unknown}
 i - 2 scrolls of identify {@r1}
Potions
 b - 2 potions of brilliance


   Skills:
 - Level 3.0 Fighting
 * Level 7.5 Polearms
 - Level 3.0 Armour
 - Level 1.8 Shields
 - Level 1.0 Spellcasting
 - Level 3.0 Fire Magic


You had 6 spell levels left.
You knew the following spells:

 Your Spells              Type           Power      Damage    Failure   Level
a - Scorch                Fire           18%        2d6       47%         2

Your spell library contained the following spells:

 Spells                   Type           Power      Damage    Failure   Level
 Magic Dart               Conj           0%         1d3       77%         1
 Blink                    Tloc           0%         N/A       88%         2
 Call Imp                 Summ           0%         N/A       88%         2
 Ensorcelled Hibernation  Hex/Ice        0%         N/A       88%         2
 Mephitic Cloud           Conj/Pois/Air  0%         N/A       98%         3
 Spider Form              Tmut/Pois      0%         N/A       98%         3
 Anguish                  Hex/Necr       0%         N/A       100%        4
 Manifold Assault         Tloc           0%         N/A       100%        4
 Storm Form               Tmut/Air       0%         N/A       100%        7


Dungeon Overview and Level Annotations

Branches:
Dungeon (5/15)             Temple (0/1) D:4

Altars:

Shops:
D:1 (   D:2 [*

Annotations:
D:3 Sigmund, Terence
D:4 Edmund
D:5 1 runed translucent door, avis's ghost, amateur DgWr


Message History

You block the jelly's attack. The jelly hits you but does no damage.
There is a stone staircase leading up here.
You hit the jelly. You burn the jelly. The acid corrodes you!
Your hands burn!
The jelly is lightly wounded.
You hit the jelly but do no damage. The acid corrodes you!
Your hands burn!
The jelly is lightly wounded.
The jelly hits you. The acid corrodes you!
You are splashed with acid!
You hit the jelly but do no damage.
Your hands burn!
The jelly is lightly wounded.
The jelly hits you but does no damage.
You hit the jelly but do no damage.
Your hands burn!
The jelly is lightly wounded.
You block the jelly's attack.
You hit the jelly but do no damage.
Your hands burn!
The jelly is lightly wounded.
The jelly hits you.
You are splashed with acid!
You are too injured to fight recklessly!
You are too injured to fight recklessly!
You are too injured to fight recklessly!
You hit the jelly but do no damage. The acid corrodes you!
Your hands burn!
The jelly is lightly wounded.
You hit the jelly but do no damage. The acid corrodes you!
Your hands burn!
The jelly is lightly wounded.
The jelly barely misses you.
Casting: Scorch (dangerous; 47% risk of failure)
Confirm with . or Enter, or press ? or * to list all spells.
You miscast Scorch.
You are very lightly contaminated with residual magic.
Nothing appears to happen.
The jelly hits you.
* * * LOW HITPOINT WARNING * * *
You are splashed with acid!
* * * LOW HITPOINT WARNING * * *
Casting: Scorch (dangerous; 47% risk of failure)
Confirm with . or Enter, or press ? or * to list all spells.
Flames lash the jelly.
The jelly is moderately wounded.
The jelly's fire resistance burns away.
The jelly hits you.
* * * LOW HITPOINT WARNING * * *
You are splashed with acid!
You die...

#.##..#.##.#.###.####### #.#
#.##..#.##.### #.# ###.#
#.##....##.# #.# #...#
#.###.#.##.# ##+## #.###
#..........# ##...## #.#
#####.#.##.###.....## ##.# #
#......##.......## ##..#
#####...##.#.........####...###
...........'....@..).'........#
###.#...##.#.....J...###....#.#
# #.#..###.##.......## #.#..#.#
# #.#......###.....## #....#.#
# #.######## ##..(## #....#.# #
#.# ##'## #...##.# # #.# #.#
#..###.# # #.# #.# #......# #
##.## ##.#####


You could see a jelly (combustible).

Vanquished Creatures
  A sky beast (D:5)
  A scorpion (D:5)
  A howler monkey (D:5)
  3 hounds
  A jelly (D:5)
  Ijyb (D:3)
  An orc wizard (D:3)
  Robin (D:3)
  9 adders
  A white imp (D:5)
  An ufetubus (D:4)
  A worm (D:3)
  17 orcs
  5 endoplasms
  2 giant cockroaches (D:3)
  13 goblins
  6 hobgoblins
  A jackal (D:2)
  3 kobolds
  3 quokkas
  2 ball pythons
  6 bats
  A frilled lizard (D:2)
  4 rats
85 creatures vanquished.

Notes
Turn   | Place    | Note
-------+----------+-------------------------------------------
     0 | D:1      | Zenkrye the Human Cinder Acolyte began the quest for the
                  | Orb.
     0 | D:1      | Reached XP level 1. HP: 18/18 MP: 2/2
   262 | D:1      | Found Dytham Esai's Antique Weapon Shoppe.
   374 | D:1      | Reached XP level 2. HP: 24/24 MP: 3/3
   377 | D:1      | Learned a level 2 spell: Scorch
   982 | D:2      | Reached skill level 4 in Polearms
   982 | D:2      | Reached XP level 3. HP: 29/29 MP: 4/4
  1304 | D:2      | Found Qycsium's Assorted Antiques.
  1429 | D:2      | Found Esmakil's Armour Shop.
  1445 | D:2      | Reached skill level 1 in Armour
  1473 | D:2      | Bought a +0 buckler for 49 gold pieces
  1580 | D:3      | Reached XP level 4. HP: 35/35 MP: 5/5
  1620 | D:3      | Noticed Sigmund
  1848 | D:3      | Noticed Ijyb
  1911 | D:3      | Killed Ijyb
  1912 | D:3      | Reached skill level 1 in Shields
  2024 | D:3      | Reached XP level 5. HP: 41/41 MP: 6/6
  2245 | D:3      | Noticed Robin
  2270 | D:3      | Killed Robin
  2479 | D:3      | Reached skill level 5 in Polearms
  2791 | D:3      | Noticed Terence
  2972 | D:4      | Found a staircase to the Ecumenical Temple.
  2983 | D:4      | Reached XP level 6. HP: 44/47 MP: 7/7
  3298 | D:4      | Noticed Edmund
  3313 | D:5      | Entered Level 5 of the Dungeon
  3405 | D:5      | Found a runed translucent door.
  3406 | D:5      | Noticed avis's ghost (amateur DgWr)
  3423 | D:5      | Reached skill level 6 in Polearms
  3498 | D:5      | Reached XP level 7. HP: 39/52 MP: 8/8
  3974 | D:5      | Reached skill level 7 in Polearms
  4168 | D:5      | Splashed by a jelly's acid

Illustrated notes

Levels and vault maps discovered:
D:1:      dpeg_arrival_rhombus, layout_basic, serial_shops, shop
D:2:      layout_rooms, serial_shops,
          nicolae_shop_temple_entry_statues_fountains,
          nicolae_shop_hallway_stairs, kennysheep_generic_room_9
D:3:      layout_loops_cross, serial_bayou_pond_e, uniq_terence, uniq_robin,
          uniq_sigmund, uniq_ijyb
D:4:      layout_basic, minmay_temple_entry_water_ring, uniq_edmund
D:5:      layout_loops_corners, ebering_ghost_reflecting_pool

Skill      XL: |  1  2  3  4  5  6  7 |
---------------+----------------------+-----
Polearms       | 4 5 6 7 |  7.5
Armour         | 1 2 3 |  3.0
Shields        | 1 |  1.8
Fighting       | |  3.0
Spellcasting   | |  1.0
Fire Magic     | |  3.0

Action                     |  1- 3 |  4- 6 |  7- 9 || total
---------------------------+-------+-------+-------++-------
  Melee: Spear             |   128 |   374 |   133 ||   635
  Throw: Dart              |       |     2 |     4 ||     6
   Cast: Scorch            |     2 |       |     1 ||     3
 Invoke: Fiery Armour      |       |     1 |       ||     1
    Use: Scroll            |     4 |     2 |       ||     6
         Potion            |       |     4 |       ||     4
   Stab: Sleeping          |     1 |       |       ||     1
         Invisible         |       |       |     1 ||     1
 Armour: Robe              |     7 |       |       ||     7
         Ring mail         |    29 |       |       ||    29
         Scale mail        |    12 |   151 |    64 ||   227
         Skin              |       |     9 |       ||     9
  Dodge: Dodged            |    47 |   105 |    19 ||   171
  Block: Buckler           |       |    38 |    13 ||    51

Table legend: (Time is in decaauts)
 A = Elapsed time spent in this place.
 B = Non-inter-level travel time spent in this place.
 C = Inter-level travel time spent in this place.
 D = Time resting spent in this place.
 E = Time spent auto-exploring this place.
 F = Levels seen in this place.
 G = Mean time per level.
                   A        B        C        D        E       F      G
               +--------+--------+--------+--------+--------+-----+--------+
         Total |   4073 |   3953 |    120 |    594 |   2299 |   5 |  814.6 |
       Dungeon |   4073 |   3953 |    120 |    594 |   2299 |   5 |  814.6 |
               +--------+--------+--------+--------+--------+-----+--------+

Top non-repeatable levels by time:
     D:3: 1206 daAuts
     D:1: 941 daAuts
     D:5: 705 daAuts
     D:2: 639 daAuts
     D:4: 580 daAuts
